%YAML 1.1
%TAG !u! tag:unity3d.com,2011:
--- !u!243 &-6865848811165754539
AudioMixerGroupController:
  m_ObjectHideFlags: 0
  m_CorrespondingSourceObject: {fileID: 0}
  m_PrefabInstance: {fileID: 0}
  m_PrefabAsset: {fileID: 0}
  m_Name: Music
  m_AudioMixer: {fileID: 24100000}
  m_GroupID: 06a905bf8f5337244a4d6e1c192c935c
  m_Children: []
  m_Volume: f8fa28241931a7f47b76343f32ae2329
  m_Pitch: 6592113cc9cb86d41aee1232a0fbb13a
  m_Send: 00000000000000000000000000000000
  m_Effects:
  - {fileID: 6793583644430284594}
  m_UserColorIndex: 0
  m_Mute: 0
  m_Solo: 0
  m_BypassEffects: 0
--- !u!244 &-718981084446419159
AudioMixerEffectController:
  m_ObjectHideFlags: 3
  m_CorrespondingSourceObject: {fileID: 0}
  m_PrefabInstance: {fileID: 0}
  m_PrefabAsset: {fileID: 0}
  m_Name: 
  m_EffectID: 20c41ae8f35e5bd45b7e15c9120abf93
  m_EffectName: Attenuation
  m_MixLevel: 42f3c79bf7b2d464f856d50e84db0541
  m_Parameters: []
  m_SendTarget: {fileID: 0}
  m_EnableWetMix: 0
  m_Bypass: 0
--- !u!241 &24100000
AudioMixerController:
  m_ObjectHideFlags: 0
  m_CorrespondingSourceObject: {fileID: 0}
  m_PrefabInstance: {fileID: 0}
  m_PrefabAsset: {fileID: 0}
  m_Name: Master
  m_OutputGroup: {fileID: 0}
  m_MasterGroup: {fileID: 24300002}
  m_Snapshots:
  - {fileID: 24500006}
  m_StartSnapshot: {fileID: 24500006}
  m_SuspendThreshold: -80
  m_EnableSuspend: 1
  m_UpdateMode: 0
  m_ExposedParameters:
  - guid: f8fa28241931a7f47b76343f32ae2329
    name: musicVol
  - guid: 815360c5ca830b44ebddd61a1b44aa60
    name: sfxVol
  m_AudioMixerGroupViews:
  - guids:
    - ed6c34204d91bff418fa2449dd2d59c8
    - 06a905bf8f5337244a4d6e1c192c935c
    - fc1d5a46e30f5fb40b952159b0f9bf14
    name: View
  m_CurrentViewIndex: 0
  m_TargetSnapshot: {fileID: 24500006}
--- !u!243 &24300002
AudioMixerGroupController:
  m_ObjectHideFlags: 0
  m_CorrespondingSourceObject: {fileID: 0}
  m_PrefabInstance: {fileID: 0}
  m_PrefabAsset: {fileID: 0}
  m_Name: Master
  m_AudioMixer: {fileID: 24100000}
  m_GroupID: ed6c34204d91bff418fa2449dd2d59c8
  m_Children:
  - {fileID: -6865848811165754539}
  - {fileID: 4967531751959456734}
  m_Volume: 47fedd8ef7dc4e34fa50e3d665d6ff4b
  m_Pitch: 96c1621c35a41ff4c96a0414594897aa
  m_Send: 00000000000000000000000000000000
  m_Effects:
  - {fileID: 24400004}
  m_UserColorIndex: 0
  m_Mute: 0
  m_Solo: 0
  m_BypassEffects: 0
--- !u!244 &24400004
AudioMixerEffectController:
  m_ObjectHideFlags: 3
  m_CorrespondingSourceObject: {fileID: 0}
  m_PrefabInstance: {fileID: 0}
  m_PrefabAsset: {fileID: 0}
  m_Name: 
  m_EffectID: 17ba1a40377a16e4e890625b4c2c4fa4
  m_EffectName: Attenuation
  m_MixLevel: e0709702a8d913a4a973a6ba3f6ce0f9
  m_Parameters: []
  m_SendTarget: {fileID: 0}
  m_EnableWetMix: 0
  m_Bypass: 0
--- !u!245 &24500006
AudioMixerSnapshotController:
  m_ObjectHideFlags: 0
  m_CorrespondingSourceObject: {fileID: 0}
  m_PrefabInstance: {fileID: 0}
  m_PrefabAsset: {fileID: 0}
  m_Name: Snapshot
  m_AudioMixer: {fileID: 24100000}
  m_SnapshotID: dd443f2d889fd9c43b6117d445a991ac
  m_FloatValues:
    f8fa28241931a7f47b76343f32ae2329: -15
  m_TransitionOverrides: {}
--- !u!243 &4967531751959456734
AudioMixerGroupController:
  m_ObjectHideFlags: 0
  m_CorrespondingSourceObject: {fileID: 0}
  m_PrefabInstance: {fileID: 0}
  m_PrefabAsset: {fileID: 0}
  m_Name: SFX
  m_AudioMixer: {fileID: 24100000}
  m_GroupID: fc1d5a46e30f5fb40b952159b0f9bf14
  m_Children: []
  m_Volume: 815360c5ca830b44ebddd61a1b44aa60
  m_Pitch: 63d6ccaa9df74fa419c39106735abeeb
  m_Send: 00000000000000000000000000000000
  m_Effects:
  - {fileID: -718981084446419159}
  m_UserColorIndex: 0
  m_Mute: 0
  m_Solo: 0
  m_BypassEffects: 0
--- !u!244 &6793583644430284594
AudioMixerEffectController:
  m_ObjectHideFlags: 3
  m_CorrespondingSourceObject: {fileID: 0}
  m_PrefabInstance: {fileID: 0}
  m_PrefabAsset: {fileID: 0}
  m_Name: 
  m_EffectID: 7f72aeac2673d9447a0ff9909b25446e
  m_EffectName: Attenuation
  m_MixLevel: 6acc608300f39e2479b90555037c2d0b
  m_Parameters: []
  m_SendTarget: {fileID: 0}
  m_EnableWetMix: 0
  m_Bypass: 0
